 Dungeon Crawl Stone Soup version 0.24.1 (webtiles) character file.

Game seed: 4621216829099625554, levelgen mode: deterministic

6157 Brecoman the Thaumaturge (level 10, -3/50 HPs)
             Began as a Deep Elf Ice Elementalist on Apr 2, 2020.
             Was an Initiate of Okawaru.
             Killed from afar by an orc sorcerer (30 damage)
             ... with a bolt of fire
             ... in a bailey.
             The game lasted 01:10:01 (14372 turns).

Brecoman the Thaumaturge (DEIE)                    Turns: 14372, Time: 01:10:01

Health: -3/50      AC:  7    Str:  7    XL:     10   Next: 60%
Magic:  4/25       EV: 13    Int: 22    God:    Okawaru [......]
Gold:   220        SH:  0    Dex: 15    Spells: 14/28 levels left

rFire    . . .     SeeInvis +   H - +3 shortbow "Entes" {velocity, +Inv rPois rC+}
rCold    + + .     Gourm    .   (shield currently unavailable)
rNeg     . . .     Faith    .   x - +2 robe {rC+}
rPois    +         Spirit   .   (no helmet)
rElec    .         Reflect  .   y - +0 cloak
rCorr    .         Harm     .   (no gloves)
MR       +....                  p - +1 pair of boots
Stlth    ++++......             (no amulet)
HPRegen  0.16/turn              l - ring of see invisible
MPRegen  0.19/turn              (no ring)

@: very slightly contaminated, invisible
A: no striking features
a: Renounce Religion


You were in a bailey.
You worshipped Okawaru.
Okawaru was noncommittal.
You were very hungry.

You visited 2 branches of the dungeon, and saw 9 of its levels.
You also visited: Bailey.

You collected 366 gold pieces.
You spent 146 gold pieces at shops.

Inventory:

Hand Weapons
 g - a +3 dagger of electrocution
 n - a +0 short sword of venom
 B - a +1 dagger of holy wrath
 H - the +3 shortbow "Entes" (weapon) {velocity, +Inv rPois rC+}
   (You took it off a crimson imp on level 7 of the Dungeon)

   Any arrow fired from it inflicts extra damage.
   It protects you from cold.
   It protects you from poison.
   It lets you turn invisible.
Missiles
 b - 134 stones
 t - 30 poisoned darts
 u - 6 curare-tipped darts
 F - 2 throwing nets
 I - 85 arrows (quivered)
Armour
 p - a +1 pair of boots (worn)
 x - a +2 robe of cold resistance (worn)
 y - a +0 cloak (worn)
 A - a scarf of spirit shield
Jewellery
 l - a ring of see invisible (left hand)
Wands
 o - a wand of disintegration (25)
 s - a wand of flame (26)
Scrolls
 d - a scroll of immolation
 h - a scroll of blinking {unknown}
 i - a scroll of remove curse
 j - a scroll of magic mapping
 D - a scroll of fog
 E - a scroll of teleportation
 G - a scroll of amnesia {unknown}
Potions
 e - a potion of haste
 k - a potion of curing
 m - a potion of invisibility
 q - a potion of brilliance
 r - a potion of degeneration
 v - a potion of berserk rage
 w - 2 potions of resistance {unknown}
 z - a potion of mutation {unknown}
 C - 2 potions of ambrosia {unknown}
 J - a potion of heal wounds {unknown}
Miscellaneous
 a - a phial of floods
Comestibles
 c - 5 rations


   Skills:
 + Level 4.3 Bows
 - Level 2.4 Dodging
 + Level 9.7 Stealth
 + Level 9.9 Spellcasting
 - Level 7.0 Conjurations
 - Level 3.1 Charms
 - Level 5.1 Summonings
 - Level 8.0 Ice Magic
 + Level 5.0 Evocations


You had 14 spell levels left.
You knew the following spells:

 Your Spells              Type           Power        Failure   Level  Hunger
a - Freeze                Ice            ####         1%          1    None
b - Throw Frost           Conj/Ice       #####.       1%          2    None
c - Ozocubu's Armour      Chrm/Ice       #####...     1%          3    None
d - Throw Icicle          Conj/Ice       #####...     2%          4    ##.....
e - Summon Ice Beast      Ice/Summ       #####...     4%          4    ##.....

Your spell library contained the following spells:

 Spells                   Type           Power        Failure   Level  Hunger


Dungeon Overview and Level Annotations

Branches:
Dungeon (8/15)             Temple (1/1) D:6          Bailey (1/1)
   Lair: D:8-11

Altars:
Ashenzari
Cheibriados
Dithmenos
Fedhas
Gozag
Hepliaklqana
Kikubaaqudgha
Makhleb
Nemelex Xobeh
Okawaru
Qazlal
Ru
Trog
Uskayaw
Vehumet
Wu Jian
Xom
Yredelemnul
Zin
The Shining One

Shops:
D:4 *   D:6 (


Message History

You feel troubled.
Send 'em back where they came from!
Your ice beast disappears in a puff of smoke!
There is a large open door here.
Casting: Summon Ice Beast (safe; 4% risk of failure)
Confirm with . or Enter, or press ? or * to list all spells.
A chill wind blows around you.
The rust devil disappears in a puff of smoke!
The orc sorcerer mumbles some strange words.
Casting: Summon Ice Beast (safe; 4% risk of failure)
Confirm with . or Enter, or press ? or * to list all spells.
You miscast Summon Ice Beast.
You hear a crackling sound.
The orc sorcerer gestures at you while chanting.
The bolt of fire hits your ice beast!!
Your ice beast melts!
Your ice beast dies!
The bolt of fire hits you!!
Ouch! That really hurt!
You die...

#.8..).....
#..(.).....
#.8.#####
#...4.#######
#.8...#.....#
#.....#.....#
####4o#..⌠..#
#..'.)...+
#..'@)...+
#####)''#####
#...........#
###≈≈≈≈...≈≈≈≈###
≈≈≈≈≈≈≈...≈≈≈≈≈≈≈
≈≈≈≈≈≈≈...≈≈≈≈≈≈≈
≈≈≈≈≈≈≈...≈≈≈≈≈≈≈
≈≈≈≈≈≈≈...≈≈≈≈≈≈≈
≈≈≈≈.........≈≈≈≈


You could see a hellwing (wandering), an ice devil (wandering) and an orc
sorcerer.

Vanquished Creatures
  Harold (D:7)
  2 centaur skeletons (D:7)
  3 centaur zombies (D:7)
  2 hellwings
  A hippogriff (D:7)
  Sigmund (D:4)
  Eustachio (D:6)
  A hungry ghost (D:6)
  Edmund (D:4)
  A hornet zombie (D:7)
  A black bear (D:6)
  Duvessa (D:4)
  2 phantoms
  2 sky beasts (D:6)
  A centaur (D:7)
  4 bullfrogs
  Dowan (D:4)
  A wyvern skeleton (D:7)
  3 scorpions
  2 electric eels (D:3)
  5 crimson imps
  3 orc priests
  8 orc wizards
  A bullfrog zombie (D:6)
  Crazy Yiuf (D:5)
  3 bullfrog skeletons
  2 hounds
  2 iguanas
  5 worker ants
  3 gnolls (D:6)
  A howler monkey skeleton (D:5)
  5 adders
  5 shadow imps
  2 oozes
  2 worms
  4 dart slugs
  4 leopard geckos
  20 orcs
  3 giant cockroaches
  7 goblins
  9 hobgoblins
  14 jackals
  7 kobolds
  A quokka (D:2)
  5 ball pythons
  11 bats
  8 frilled lizards
  A jackal skeleton (D:4)
  A quokka skeleton (D:4)
  4 rats
  A fungus (D:5)
180 creatures vanquished.

Vanquished Creatures (collateral kills)
  A kobold demonologist (Bailey)
  3 orc warriors
  An orc priest (D:7)
  A worker ant (D:7)
  An orc wizard (D:7)
  A gnoll (Bailey)
  2 orcs
  2 goblins (Bailey)
  2 hobgoblins (Bailey)
14 creatures vanquished.

Vanquished Creatures (others)
  A withered plant (D:7)
1 creature vanquished.

Grand Total: 195 creatures vanquished

Notes
Turn   | Place    | Note
-------+----------+-------------------------------------------
     0 | D:1      | Brecoman the Deep Elf Ice Elementalist began the quest for
                  | the Orb.
     0 | D:1      | Reached XP level 1. HP: 10/10 MP: 6/6
   577 | D:1      | Reached XP level 2. HP: 10/15 MP: 2/8
   640 | D:1      | Learned a level 2 spell: Throw Frost
  1081 | D:2      | Reached XP level 3. HP: 19/19 MP: 6/10
  1118 | D:2      | Learned a level 3 spell: Ozocubu's Armour
  1672 | D:2      | Reached skill level 1 in Charms
  1672 | D:2      | Reached XP level 4. HP: 24/24 MP: 9/12
  2433 | D:3      | Found a transporter.
  2500 | D:3      | Found a transporter.
  3467 | D:3      | Reached XP level 5. HP: 11/28 MP: 13/13
  3666 | D:4      | Noticed Edmund
  3832 | D:4      | Noticed a phantom
  3856 | D:4      | Killed a phantom
  3856 | D:4      | Reached XP level 6. HP: 14/32 MP: 14/14
  4047 | D:4      | Found Manih's Assorted Antiques.
  4054 | D:4      | Bought a scroll labeled MEUNLI LIOSHRIP for 24 gold pieces
  4054 | D:4      | Bought a crooked fluorescent wand for 96 gold pieces
  4126 | D:4      | Noticed Dowan
  4217 | D:4      | Noticed Sigmund
  4227 | D:4      | Noticed Duvessa
  4589 | D:4      | Killed Duvessa
  4589 | D:4      | Reached skill level 5 in Ice Magic
  4600 | D:4      | Killed Dowan
  4600 | D:4      | Reached skill level 5 in Spellcasting
  4919 | D:4      | Reached XP level 7. HP: 9/36 MP: 10/16
  4934 | D:4      | HP: 1/36 [orc wizard/magic dart (10)]
  5223 | D:4      | Killed Edmund
  5223 | D:4      | Reached skill level 5 in Stealth
  5424 | D:5      | Entered Level 5 of the Dungeon
  5426 | D:5      | Found a stormy altar of Qazlal.
  5678 | D:5      | Learned a level 4 spell: Throw Icicle
  6000 | D:5      | Found a runed translucent door.
  6001 | D:5      | Noticed Crazy Yiuf
  6006 | D:5      | Killed Crazy Yiuf
  6084 | D:5      | Reached skill level 1 in Evocations
  6087 | D:5      | Reached skill level 5 in Conjurations
  6345 | D:5      | Found a snail-covered altar of Cheibriados.
  6813 | D:5      | Reached XP level 8. HP: 41/41 MP: 11/18
  7282 | D:5      | Learned a level 4 spell: Summon Ice Beast
  8002 | D:6      | Found a staircase to the Ecumenical Temple.
  8279 | D:6      | Reached skill level 1 in Summonings
  8711 | D:6      | Found Qagracac's Weapon Boutique.
  8901 | D:6      | Noticed Eustachio
  8907 | D:6      | Killed Eustachio
  9259 | D:6      | Found an ornate altar of the Wu Jian Council.
  9645 | D:7      | Noticed Harold
  9659 | D:7      | Killed Harold
  9659 | D:7      | Reached XP level 9. HP: 22/45 MP: 1/22
 10081 | D:7      | Noticed a hellwing
 10558 | D:4      | Killed Sigmund
 10826 | D:6      | Killed a hellwing
 11188 | D:7      | Identified the +3 shortbow "Entes" {velocity, +Inv rPois
                  | rC+}
 11309 | D:6      | Bought 12 arrows for 26 gold pieces
 11704 | D:7      | Noticed a hellwing
 11726 | D:7      | Killed a hellwing
 11726 | D:7      | Reached skill level 1 in Bows
 12127 | D:7      | Reached XP level 10. HP: 46/50 MP: 3/24
 12159 | D:7      | Reached skill level 5 in Summonings
 13680 | Temple   | Entered the Ecumenical Temple
 13839 | Temple   | Became a worshipper of Warmaster Okawaru
 13988 | D:8      | Found a flagged portal.
 14000 | Bailey   | Entered a bailey
 14332 | Bailey   | Found an iron altar of Okawaru.
 14341 | Bailey   | Reached skill level 5 in Evocations
 14342 | Bailey   | Noticed an orc sorcerer
 14354 | Bailey   | Noticed a rust devil
 14372 | Bailey   | Killed from afar by an orc sorcerer

Levels and vault maps discovered:
D:1:      evilmike_arrival_home_sweet_home, layout_rooms,
          serial_co_window_serial, co_window_corner_a,
          co_window_of_opportunity_a, co_window_of_opportunity_a,
          co_window_of_opportunity_a, co_window_corner_a, co_window_broadway_a,
          co_window_corner_ca, co_window_corner_ca, glass_columns_a,
          glass_columns_a, glass_columns_a
D:2:      layout_loops_ring
D:3:      gammafunk_steamed_eel, layout_basic
D:4:      layout_basic, first_ration, serial_shops, shop, uniq_edmund,
          uniq_duvessa, uniq_sigmund
D:5:      layout_basic, basic_altar, cheibriados_altar_1,
          uniq_crazy_yiuf_cottage
D:6:      layout_loops_ring, kennysheep_mini, minmay_temple_entry_from_below_a,
          serial_shops, shop, minmay_statues_item, uniq_eustachio
D:7:      cheibrodos_grave_circle, layout_basic, uniq_harold
D:8:      layout_basic, enter_bailey_6
Temple:   roderic_octagonal_lattice_temple
Bailey:   bailey_axe_of_yendor_kennysheep, bailey

Skill      XL: |  1  2  3  4  5  6  7  8  9 10 |
---------------+-------------------------------+-----
Stealth        | 3 4 5 7 8 9 |  9.7
Spellcasting   | 4 5 7 8 9 |  9.9
Ice Magic      | 4 5 6 7 8 |  8.0
Charms         | 1 2 3 |  3.1
Conjurations   | 2 3 4 5 6 7 |  7.0
Evocations     | 1 2 3 5 |  5.0
Summonings     | 3 4 5 |  5.1
Bows           | 2 4 |  4.3
Dodging        | |  2.4

Action                   |  1- 3 |  4- 6 |  7- 9 | 10-12 || total
-------------------------+-------+-------+-------+-------++-------
Melee: Dagger            |     1 |    22 |   133 |   121 ||   277
 Fire: Shortbow          |       |       |     1 |     9 ||    10
Throw: Stone             |    13 |       |     1 |       ||    14
       Dart              |       |    13 |    10 |       ||    23
       Throwing net      |       |       |     4 |       ||     4
 Cast: Freeze            |    31 |     7 |    24 |     6 ||    68
       Throw Frost       |    26 |    53 |    88 |     5 ||   172
       Ozocubu's Armour  |       |     1 |     7 |     6 ||    14
       Throw Icicle      |       |       |    58 |    12 ||    70
       Summon Ice Beast  |       |       |     2 |    13 ||    15
 Abil: Evoke Invisibilit |       |       |       |     1 ||     1
Evoke: Wand              |       |     2 |     2 |       ||     4
  Use: Scroll            |       |     9 |     8 |     1 ||    18
       Potion            |       |       |     4 |     2 ||     6
 Stab: Sleeping          |     1 |     2 |     2 |     1 ||     6
       Distracted        |       |       |     1 |       ||     1
  Eat: Chunk             |     3 |     6 |    14 |     6 ||    29
       Ration            |       |     1 |     4 |     2 ||     7
Armor: Robe              |     1 |     4 |    36 |    75 ||   116
Dodge: Dodged            |    14 |    12 |    87 |    88 ||   201
